 Dungeon Crawl Stone Soup version 0.30-a0-726-gd89dcf765f (webtiles) character file.

Game seed: 11053127575964730910

17652 jimonade the Covert (level 12, -1/61 HPs)
             Began as a Vine Stalker Brigand on Jan 29, 2023.
             Was a Follower of Uskayaw.
             Slain by a black mamba (4 damage)
             ... on level 1 of the Lair of Beasts on Jan 30, 2023.
             The game lasted 00:42:12 (11658 turns).

jimonade the Covert (Vine Stalker Brigand)         Turns: 11658, Time: 00:42:12

Health: -1/61      AC: 14    Str: 15    XL:     12   Next: 50%
Magic:  0/18       EV: 14    Int: 11    God:    Uskayaw [*.....]
Gold:   311        SH:  0    Dex: 20    Spells: 11/11 levels left

rFire   + . .      SeeInvis +    a - +8 long sword
rCold   . . .      Faith    .    (no shield)
rNeg    . . .      Spirit   +    G - +1 leather armour {Will+}
rPois   .          Reflect  .    Y - +2 helmet
rElec   .          Harm     .    c - +0 cloak
rCorr   .          Rampage  .    g - +1 pair of gloves
Will    ++...                    U - +2 pair of boots {rF+}
Stlth   +++++                    v - amulet of regeneration
HPRegen 1.90/turn                E - ring of see invisible
MPRegen 0.16/turn                z - ring of flight

@: flying
A: fangs 3, regeneration 1, magic shield, antimagic bite, no potion heal 2
a: Renounce Religion, Stomp


You were on level 1 of the Lair of Beasts.
You worshipped Uskayaw.
Uskayaw was noncommittal.
You visited 3 branches of the dungeon, and saw 13 of its levels.
You also visited: Ossuary and Bailey.

You collected 807 gold pieces.
You spent 496 gold pieces at shops.

Inventory:

Hand Weapons
 a - a +8 long sword (weapon)
 b - a +4 dagger of freezing
 f - a +1 shortbow of flaming
 D - a +2 whip of electrocution
 K - a +3 demon blade of flaming
 Q - a +3 dagger of protection
Missiles
 d - 20 poisoned darts (quivered)
 e - 3 curare-tipped darts
 n - 4 datura-tipped darts
 C - 97 stones
 O - 2 silver boomerangs
 T - 4 boomerangs
Armour
 c - a +0 cloak (worn)
 g - a +1 pair of gloves (worn)
 F - the +1 chain mail of the Hammering Gods {-Cast rF+ Dex+5}
   (You found it on level 5 of the Dungeon)

   Dex:       It affects your dexterity (+5).
   rF:        It protects you from fire.
   -Cast:     It prevents spellcasting.
 G - a +1 leather armour of willpower (worn)
 M - a +3 ring mail
 P - +0 acid dragon scales
 U - a +2 pair of boots of fire resistance (worn)
 Y - a +2 helmet (worn)
Jewellery
 l - a ring of fire
 s - a ring of ice
 u - an amulet of faith
 v - an amulet of regeneration (around neck)
 z - a ring of flight (right hand)
 B - an amulet of the acrobat
 E - a ring of see invisible (left hand)
 I - a ring of resist corrosion
Wands
 p - a wand of mindburst (7)
 w - a wand of flame (28)
 V - a wand of polymorph (2)
 Z - a wand of roots (2)
Scrolls
 i - 3 scrolls of enchant weapon
 q - 8 scrolls of teleportation
 x - 2 scrolls of fear
 y - 2 scrolls of brand weapon
 R - 4 scrolls of enchant armour
Potions
 h - 9 potions of curing
 j - a potion of magic {unknown}
 k - 2 potions of invisibility {unknown}
 m - 6 potions of flight
 o - 4 potions of lignification
 r - 4 potions of cancellation {unknown}
 t - 2 potions of resistance {unknown}
 A - 4 potions of brilliance
 L - 4 potions of haste
 S - 3 potions of might {unknown}
Miscellaneous
 J - a lightning rod (4/4)
 W - a condenser vane


   Skills:
 + Level 6.1 Fighting
 - Level 8.2(10.4) Short Blades
 * Level 9.9(11.1) Long Blades
 + Level 1.2 Ranged Weapons
 - Level 1.7 Throwing
 + Level 4.6 Armour
 + Level 4.8 Dodging
 + Level 11.1 Stealth
 * Level 7.1 Invocations


You had 11 spell levels left.
You didn't know any spells.
Your spell library contained the following spells:

 Spells                   Type           Power      Damage    Failure   Level
 Sting                    Tmut/Pois      0%         1d3       38%         1
 Blink                    Tloc           0%         N/A       54%         2
 Lesser Beckoning         Tloc           0%         N/A       54%         2
 Momentum Strike          Conj/Tloc      0%         3d8       54%         2
 Poisonous Vapours        Pois/Air       0%         N/A       54%         2
 Static Discharge         Conj/Air       0%         2-2/arc   54%         2
 Call Canine Familiar     Summ           0%         N/A       77%         3
 Portal Projectile        Hex/Tloc       0%         N/A       77%         3
 Vhi's Electric Charge    Tloc/Air       0%         N/A       77%         3
 Leda's Liquefaction      Hex/Erth       0%         N/A       99%         4
 Olgreb's Toxic Radiance  Pois           0%         N/A       99%         4
 Arcjolt                  Conj/Air       0%         1d10      100%        5
 Lightning Bolt           Conj/Air       0%         1d11      100%        5
 Summon Forest            Summ/Tloc      0%         N/A       100%        5
 Summon Mana Viper        Hex/Summ       0%         N/A       100%        5
 Summon Cactus Giant      Summ           0%         N/A       100%        6


Dungeon Overview and Level Annotations

Branches:
Dungeon (10/15)            Temple (1/1) D:4            Lair (2/5) D:10
Ossuary (visited)          Bailey (visited)
  Swamp: Lair:2-3    Shoals: Lair:2-3     Snake: Lair:2-3    Spider: Lair:2-3
    Orc: D:9-12

Altars:
Ashenzari
Cheibriados
Dithmenos
Elyvilon
Fedhas
Gozag
Hepliaklqana
Kikubaaqudgha
Makhleb
Nemelex Xobeh
Okawaru
Qazlal
Ru
Sif Muna
Trog
Uskayaw
Vehumet
Wu Jian
Xom
Yredelemnul
Zin
The Shining One
Lugonu

Shops:
D:1 [   D:9 *

Annotations:
D:4 2 transporters


Innate Abilities, Weirdness & Mutations

You have razor-sharp teeth.
Your natural rate of healing is unusually fast.
When hurt, damage is shared between your health and your magic reserves.
Your bite disrupts and absorbs the magic of your enemies.
Potions cannot restore your health.


Message History

You barely miss the water moccasin.
You bite the water moccasin, but do no damage.
The water moccasin is heavily wounded.
You feel very sick. The black mamba bites you!
You are more poisoned.
The black mamba poisons you! The water moccasin misses you.
The elephant tramples you but does no damage.
The elephant trunk-slaps you but does no damage.
The black mamba closely misses you.
You miss the water moccasin. Your bite misses the water moccasin.
The water moccasin is heavily wounded.
* * * LOW HITPOINT WARNING * * *
You feel extremely sick.
The water moccasin bites you but does no damage.
The black mamba barely misses you. The elephant tramples you!
* * * LOW HITPOINT WARNING * * *
You hold your ground!
The elephant trunk-slaps you but does no damage.
The water moccasin barely misses you.
You miss the water moccasin.
You bite the water moccasin, but do no damage.
The water moccasin is heavily wounded.
* * * LOW HITPOINT WARNING * * *
You feel very sick. The black mamba closely misses you.
The water moccasin barely misses you. The black mamba bites you!
* * * LOW HITPOINT WARNING * * *
The elephant barely misses you. The elephant trunk-slaps you.
You hit the black mamba. Your bite misses the black mamba.
The black mamba is lightly wounded.
* * * LOW HITPOINT WARNING * * *
You feel very sick. The black mamba barely misses you.
The water moccasin bites you but does no damage.
The elephant closely misses you. x2
Your system rejects the healing.
You feel better. The black mamba closely misses you.
The water moccasin closely misses you. The black mamba bites you!
You die...

..................#......##..#
........#........#.#....##...#
#.##.#.#####.#..##......######
######## #######......# # ######
####......## # ##P##.#####
#P.}.....## ##
..........####......#### ### #.
...............S....##.###.# ##
...............S@Y.........######
..........?........P.........#..#
.................................
............#....†...............
.............#...................
.................................
....................."...........
......†..........................
.....................†.....P.####


You could see an elephant, a black mamba and a water moccasin.

Vanquished Creatures
  A hydra (Lair:1)
  A two-headed ogre (D:10)
  4 elephants (Lair:1)
  2 cane toads (Lair:1)
  A kobold demonologist (D:9)
  5 komodo dragons
  An unseen horror (D:10)
  A hornet (D:9)
  Grinder (D:4)
  8 blink frogs (Lair:1)
  A vampire (D:10)
  21 yaks
  2 basilisks (Lair:1)
  An acid dragon (D:9)
  8 water moccasins
  10 orc warriors
  4 sky beasts
  A black bear (D:7)
  6 wolves (Lair:1)
  4 ogres
  9 centaurs
  A phantom (D:4)
  2 elf zombies (Ossuary)
  2 kobold brigands
  2 necrophages (D:6)
  9 bullfrogs
  2 gnoll sergeants
  3 scorpions
  9 wights
  4 killer bees (D:8)
  4 howler monkeys
  2 electric eels (D:8)
  A centaur zombie (Ossuary)
  4 hounds
  4 jellies
  A human zombie (Ossuary)
  3 gnoll boudas
  3 orc priests
  Ijyb (D:3)
  11 iguanas
  Terence (D:3)
  6 orc wizards
  3 mummies
  9 adders
  15 gnolls
  2 white imps (D:6)
  2 ufetubi
  An adder zombie (Ossuary)
  2 worms
  34 orcs
  5 endoplasms
  2 giant cockroaches
  10 goblins
  13 hobgoblins
  9 jackals
  2 quokkas
  4 ball pythons
  3 bats
  3 frilled lizards
  A goblin zombie (Ossuary)
  9 hobgoblin zombies (Ossuary)
  2 jackal zombies (Ossuary)
  13 kobolds
  11 kobold zombies (Ossuary)
  8 orc zombies (Ossuary)
  3 rats
  A rat zombie (Ossuary)
  A bush (D:9)
335 creatures vanquished.

Vanquished Creatures (others)
  7 fungi
  8 plants
15 creatures vanquished.

Grand Total: 350 creatures vanquished

Notes
Turn   | Place    | Note
-------+----------+-------------------------------------------
     0 | D:1      | jimonade the Vine Stalker Brigand began the quest for the
                  | Orb.
     0 | D:1      | Reached XP level 1. HP: 11/11 MP: 2/2
    82 | D:1      | Found Xuishock's Antique Armour Emporium.
    89 | D:1      | Reached skill level 5 in Stealth
   182 | D:1      | Reached XP level 2. HP: 15/15 MP: 3/3
   188 | D:1      | Reached skill level 1 in Dodging
   553 | D:1      | Reached XP level 3. HP: 18/18 MP: 2/4
   737 | D:2      | Reached skill level 6 in Stealth
   799 | D:2      | Noticed a scorpion
  1125 | D:2      | Gained mutation: Your natural rate of healing is unusually
                  | fast. [Vine Stalker growth]
  1125 | D:2      | Reached XP level 4. HP: 23/23 MP: 5/5
  1757 | D:3      | Noticed Terence
  1787 | D:3      | Killed Terence
  1788 | D:3      | Reached XP level 5. HP: 25/26 MP: 6/6
  1860 | D:3      | Noticed Ijyb
  1906 | D:3      | Killed Ijyb
  1971 | D:3      | Found a sparkling altar of Nemelex Xobeh.
  2381 | D:4      | Found a transporter.
  2393 | D:4      | You fall into a shaft and drop 1 floor!
  2393 | D:5      | Entered Level 5 of the Dungeon
  2568 | D:4      | Noticed a phantom
  2571 | D:4      | Killed a phantom
  2572 | D:4      | Reached skill level 7 in Stealth
  2572 | D:4      | Reached XP level 6. HP: 32/32 MP: 7/7
  2573 | D:4      | Noticed Grinder
  2587 | D:4      | Killed Grinder
  2588 | D:4      | Reached XP level 7. HP: 31/35 MP: 8/8
  2727 | D:4      | Found a staircase to the Ecumenical Temple.
  2737 | Temple   | Entered the Ecumenical Temple
  2829 | Temple   | Became a worshipper of Uskayaw the Reveller
  2948 | D:4      | Found a shadowy altar of Dithmenos.
  3003 | D:4      | Found a transporter.
  3157 | D:5      | Reached * piety under Uskayaw
  3331 | D:2      | Reached ** piety under Uskayaw
  3602 | D:4      | Reached *** piety under Uskayaw
  3699 | D:5      | Reached skill level 1 in Invocations
  3759 | D:5      | Identified the +1 chain mail of the Hammering Gods {-Cast
                  | rF+ Dex+5}
  3792 | D:5      | Reached skill level 5 in Short Blades
  3952 | D:6      | Gained mutation: You have razor-sharp teeth. [Vine Stalker
                  | growth]
  3952 | D:6      | Reached XP level 8. HP: 40/40 MP: 10/10
  3956 | D:6      | Reached skill level 8 in Stealth
  4160 | D:6      | Reached **** piety under Uskayaw
  4323 | D:6      | Reached skill level 1 in Armour
  4644 | D:6      | Reached XP level 9. HP: 16/42 MP: 3/12
  4920 | D:6      | Reached skill level 9 in Stealth
  5110 | D:7      | Found a broken altar of Ashenzari.
  5326 | D:7      | Found a sand-covered staircase.
  5338 | Ossuary  | Entered an ossuary
  5620 | Ossuary  | Reached ***** piety under Uskayaw
  5954 | D:7      | Found an ancient bone altar of Kikubaaqudgha.
  6065 | D:7      | Found a burning altar of Makhleb.
  6065 | D:7      | Found a white marble altar of Elyvilon.
  6068 | D:7      | Found a radiant altar of Vehumet.
  6069 | D:7      | Found a stormy altar of Qazlal.
  6115 | D:7      | Found a blossoming altar of Fedhas.
  6341 | D:7      | Found an ornate altar of the Wu Jian Council.
  6755 | D:7      | Identified a scroll of acquirement
  6755 | D:7      | Acquired a +3 demon blade of flaming
  6913 | D:8      | Found a flagged portal.
  6926 | Bailey   | Entered a bailey
  6971 | Bailey   | Reached skill level 1 in Ranged Weapons
  6971 | Bailey   | Reached XP level 10. HP: 30/50 MP: 8/14
  6973 | Bailey   | Reached skill level 1 in Long Blades
  7198 | Bailey   | HP: 1/51 [orc warrior/+0 bardiche (18)]
  7245 | Bailey   | Noticed an orc knight
  7479 | D:8      | Reached skill level 10 in Stealth
  7651 | D:8      | Reached skill level 5 in Invocations
  8446 | D:9      | Identified the +5 hand axe "Ciynom Vodem" {heavy, Fly}
  8592 | D:9      | Reached skill level 5 in Long Blades
  8600 | D:9      | Reached ****** piety under Uskayaw
  8622 | D:9      | Paralysed by a hornet for 2 turns
  8808 | D:9      | Reached XP level 11. HP: 49/54 MP: 12/16
  8907 | D:9      | Found a snail-covered altar of Cheibriados.
  8953 | D:9      | Found an opulent altar of Gozag.
  8967 | D:9      | Found a bloodstained altar of Trog.
  9077 | D:9      | Found Hesipaeg's Fire Supplies.
  9229 | D:9      | Bought a +2 pair of boots of fire resistance for 301 gold
                  | pieces
  9313 | D:10     | Entered Level 10 of the Dungeon
  9542 | D:10     | Reached skill level 5 in Fighting
  9569 | D:10     | Identified the +0 scale mail of Peek-a-Boo {*Slow rPois
                  | rCorr Dex+2}
  9625 | D:10     | Noticed a two-headed ogre
  9635 | D:10     | Killed a two-headed ogre
  9991 | D:10     | Found a staircase to the Lair.
 10276 | D:1      | Bought a pair of glowing gloves for 195 gold pieces
 10450 | Lair:1   | Entered Level 1 of the Lair of Beasts
 10816 | Lair:1   | Noticed a six-headed hydra
 10841 | Lair:1   | Killed a one-headed hydra
 11049 | Lair:1   | Reached XP level 12. HP: 60/60 MP: 16/18
 11624 | Lair:1   | Reached skill level 11 in Stealth
 11657 | Lair:1   | HP: 1/61 [poisoned by a black mamba]
 11658 | Lair:1   | Slain by a black mamba

Illustrated notes

Levels and vault maps discovered:
D:1:      psy_arrival_basics, layout_basic, serial_shops,
          nicolae_lakefront_shop, minmay_misc_feat_x
D:2:      layout_loops_corners
D:3:      layout_rooms, nemelex_diamond_rough_becter, uniq_terence, uniq_ijyb
D:4:      gammafunk_wand_slinger, layout_basic,
          nicolae_dithmenos_through_a_glass_darkly, temple_hall, uniq_grinder
D:5:      layout_rooms, chequers_mini_garden
D:6:      minmay_octagon_keep, layout_cave_pools
D:7:      layout_loops_ring, mainiacjoe_overflow_alcove_3,
          amcnicky_altar_gilded, mainiacjoe_overflow_chevrons,
          mainiacjoe_overflow_catwalk_spiral, gup_ossuary_entry_pyramid
D:8:      layout_layer_cave, enter_bailey_4, water_boxes_lemuel
D:9:      layout_cave_pools, mainiacjoe_overflow_boulevard,
          jmf_multi_god_temple, kb_lookout_dungeons_type, nicolae_shop_fire_sale
          [nicolae_sub_dead_trees]
D:10:     layout_cave_pools, david_lair_shrubbed
Temple:   kb_corrupted_temple
Lair:1:   beast_lair_carwin_large_4, layout_hall_layers,
          cheibrodos_lair_reptile_den, lemuel_fruit_tree
Lair:2:   beast_lair_carwin_large_1, layout_regular_city, grunt_megastairs_3,
          infiniplex_staircase_pool_2

Skill      XL: |  1  2  3  4  5  6  7  8  9 10 11 12 |
---------------+-------------------------------------+-----
Stealth        | 5 6 7 8 9 10 11 | 11.1
Dodging        | 1 2 3 4 |  4.8
Short Blades   | 2 3 4 5 6 7 8 |  8.2
Fighting       | 2 3 4 5 6 |  6.1
Invocations    | 1 3 4 5 6 7 |  7.1
Armour         | 1 2 3 4 |  4.6
Ranged Weapons | 1 |  1.2
Long Blades    | 5 8 9 |  9.9
Throwing       | |  1.7

Action                     |  1- 3 |  4- 6 |  7- 9 | 10-12 || total
---------------------------+-------+-------+-------+-------++-------
  Melee: Dagger            |    92 |   141 |   442 |    57 ||   732
         Bite              |    24 |    49 |   162 |   189 ||   424
         Punch             |     1 |     3 |     5 |     8 ||    17
         Long sword        |       |       |    19 |   453 ||   472
         Demon blade       |       |       |       |     5 ||     5
   Fire: Shortbow          |       |       |    21 |       ||    21
  Throw: Dart              |       |       |    19 |     5 ||    24
         Stone             |       |       |     7 |       ||     7
         Throwing net      |       |       |       |     2 ||     2
    Use: Scroll            |     3 |     5 |     4 |    10 ||    22
         Potion            |       |       |       |     1 ||     1
   Stab: Sleeping          |     5 |     7 |     7 |    10 ||    29
         Paralysed         |       |       |    13 |    40 ||    53
         Distracted        |       |       |     2 |       ||     2
         Held in net/web   |       |       |       |     1 ||     1
 Armour: Robe              |    20 |    32 |    36 |       ||    88
         Leather armour    |       |       |   101 |    84 ||   185
         Chain mail        |       |       |    18 |   154 ||   172
  Dodge: Dodged            |    44 |    56 |   216 |   320 ||   636

Table legend: (Time is in decaauts)
 A = Elapsed time spent in this place.
 B = Non-inter-level travel time spent in this place.
 C = Inter-level travel time spent in this place.
 D = Time resting spent in this place.
 E = Time spent auto-exploring this place.
 F = Levels seen in this place.
 G = Mean time per level.
                   A        B        C        D        E       F      G
               +--------+--------+--------+--------+--------+-----+--------+
         Total |  11473 |  10381 |   1092 |    495 |   6265 |  15 |  764.9 |
       Dungeon |   9485 |   8476 |   1009 |    475 |   5405 |  10 |  948.5 |
        Temple |    110 |     92 |     18 |      0 |     76 |   1 |  110.0 |
          Lair |   1125 |   1060 |     65 |      0 |    626 |   2 |  562.5 |
       Ossuary |    417 |    417 |      0 |      0 |     96 |   1 |  417.0 |
        Bailey |    334 |    334 |      0 |     20 |     62 |   1 |  334.0 |
               +--------+--------+--------+--------+--------+-----+--------+

Top non-repeatable levels by time:
     D:8: 1420 daAuts
     D:7: 1357 daAuts
  Lair:1: 1118 daAuts
     D:2: 1102 daAuts
     D:9: 1083 daAuts
     D:6: 1010 daAuts
     D:4: 799 daAuts
     D:1: 778 daAuts
    D:10: 660 daAuts
     D:3: 636 daAuts
     D:5: 635 daAuts
 Ossuary: 417 daAuts
  Bailey: 334 daAuts
  Temple: 110 daAuts
  Lair:2: 6 daAuts
